 Dungeon Crawl Stone Soup version 0.26.1-2-gb8aa6d0cf2 (webtiles) character file.

Game seed: 5608972312459677425

563 Gadfly the Skirmisher (level 7, 0/70 HPs)
             Began as an Ogre Monk on Feb 12, 2021.
             Was a Believer of Okawaru.
             Slain by Duvessa
             ... wielding a +0 short sword
              (5 damage)
             ... on level 4 of the Dungeon.
             The game lasted 00:05:51 (5634 turns).

Gadfly the Skirmisher (Ogre Monk)                   Turns: 5634, Time: 00:05:52

Health: 0/70       AC:  3    Str: 18    XL:     7   Next: 32%
Magic:  7/9        EV: 13    Int: 11    God:    Okawaru [**....]
Gold:   125        SH:  0    Dex: 11    Spells: 6/6 levels left

rFire    . . .     SeeInvis .   a - +2 mace (vorpal)
rCold    . . .     Faith    .   (no shield)
rNeg     . . .     Spirit   .   l - +0 robe
rPois    .         Reflect  .   (helmet restricted)
rElec    .         Harm     .   (no cloak)
rCorr    .         Rampage  .   (gloves unavailable)
Will     .....                  (boots unavailable)
Stlth    +++.......             (no amulet)
HPRegen  0.21/turn              (no ring)
MPRegen  0.11/turn              (no ring)

@: heroism
A: large, unfitting armour, tough skin 1
a: Renounce Religion, Heroism


You were on level 4 of the Dungeon.
You worshipped Okawaru.
Okawaru was pleased with you.
You visited 2 branches of the dungeon, and saw 5 of its levels.

You collected 125 gold pieces.

Inventory:

Hand Weapons
 a - a +2 vorpal mace (weapon)
 b - a +0 mace of protection
Missiles
 f - 39 stones (quivered)
 m - 9 javelins
Armour
 l - a +0 robe (worn)
Wands
 e - a wand of digging (2)
 j - a wand of iceblast (10)
Scrolls
 g - 2 scrolls of magic mapping
 i - 5 scrolls of remove curse
Potions
 c - 2 potions of haste
 d - a potion of attraction {unknown}
 h - a potion of berserk rage {unknown}
 k - a potion of ambrosia


   Skills:
 - Level 4.0(9.0) Fighting
 + Level 3.5(8.5) Maces & Flails
 * Level 3.4(8.4) Throwing
 * Level 2.6(7.6) Armour
 - Level 2.6(7.6) Dodging
 - Level 1.4(6.4) Stealth
 * Level 3.4 Invocations
 * Level 2.7 Evocations


You had 6 spell levels left.
You didn't know any spells.
Your spell library contained the following spells:

 Spells                   Type           Power        Failure   Level
 Corona                   Hex            0%           34%         1
 Ensorcelled Hibernation  Hex/Ice        0%           47%         2
 Confusing Touch          Hex            0%           71%         3
 Dazzling Flash           Conj/Hex       0%           71%         3
 Tukima's Dance           Hex            0%           71%         3


Dungeon Overview and Level Annotations

Branches:
Dungeon (4/15)             Temple (1/1) D:4

Altars:
Ashenzari
Cheibriados
Dithmenos
Elyvilon
Gozag
Hepliaklqana
Kikubaaqudgha
Makhleb
Nemelex Xobeh
Okawaru
Qazlal
Ru
Sif Muna
Trog
Uskayaw
Vehumet
Wu Jian
Xom
Yredelemnul
Zin
The Shining One

Annotations:
D:4 Dowan, Duvessa


Innate Abilities, Weirdness & Mutations

You are too large for most types of armour.
You have tough skin. (AC +1)


Message History

Duvessa hits you with a +0 short sword.
You hit Duvessa but do no damage.
Duvessa is heavily wounded.
Duvessa hits you with a +0 short sword! Dowan barely misses you.
You hit Duvessa but do no damage.
Duvessa is heavily wounded.
Duvessa hits you with a +0 short sword!
* * * LOW HITPOINT WARNING * * *
Dowan hits you with a +0 dagger.
* * * LOW HITPOINT WARNING * * *
You barely miss Duvessa.
Duvessa is heavily wounded.
Duvessa hits you with a +0 short sword!
* * * LOW HITPOINT WARNING * * *
Dowan hits you with a +0 dagger.
* * * LOW HITPOINT WARNING * * *
You sock Duvessa!
Duvessa is severely wounded.
Duvessa hits you with a +0 short sword.
You die...

#.# #.### ....# ########
....# #......# ....#
#......# ....####......#
####### ......##......#
.......
......##......####.......
...............e@er......
......##......####.......
......######### .......
....### ....... ....#
....... ....# ######
......# ....# #....#
(!....# ##### #....#
......# ###....#


You could see Duvessa, Dowan and a quokka.

Vanquished Creatures
  Eustachio (D:4)
  Menkaure (D:4)
  A hound (D:4)
  A centaur skeleton (D:2)
  An orc wizard (D:3)
  An iguana (D:4)
  Natasha (D:3)
  3 worker ants (D:4)
  3 adders
  An ooze (D:2)
  A worm (D:4)
  A dart slug (D:2)
  4 leopard geckos
  11 orcs
  A ball python (D:3)
  2 giant cockroaches
  4 goblins
  7 hobgoblins
  2 kobolds
  2 quokkas (D:2)
  A ball python skeleton (D:4)
  6 bats
  2 frilled lizards
  4 rats
62 creatures vanquished.

Notes
Turn   | Place    | Note
-------+----------+-------------------------------------------
     0 | D:1      | Gadfly the Ogre Monk began the quest for the Orb.
     0 | D:1      | Reached XP level 1. HP: 24/24 MP: 1/1
   596 | D:1      | Reached XP level 2. HP: 14/32 MP: 2/2
  1675 | D:2      | Reached skill level 1 in Throwing
  1691 | D:2      | Reached skill level 1 in Invocations
  1695 | D:2      | Reached XP level 3. HP: 39/39 MP: 3/3
  1819 | D:2      | Found a shadowy altar of Dithmenos.
  1970 | D:2      | Reached skill level 1 in Armour
  1970 | D:2      | Reached skill level 1 in Evocations
  1970 | D:2      | Reached XP level 4. HP: 32/48 MP: 3/5
  3105 | D:3      | Reached XP level 5. HP: 46/54 MP: 6/6
  3460 | D:3      | Noticed Natasha
  3469 | D:3      | Killed Natasha
  3551 | D:3      | Found a stormy altar of Qazlal.
  3555 | D:3      | Found an ornate altar of the Wu Jian Council.
  3558 | D:3      | Found a snail-covered altar of Cheibriados.
  3561 | D:3      | Found a hide-covered altar of Uskayaw.
  3883 | D:4      | Noticed Menkaure
  3897 | D:4      | Killed Menkaure
  3898 | D:4      | Reached XP level 6. HP: 31/62 MP: 6/8
  4051 | D:4      | Found a staircase to the Ecumenical Temple.
  4145 | Temple   | Entered the Ecumenical Temple
  4161 | Temple   | Became a worshipper of Warmaster Okawaru
  4161 | Temple   | Reached * piety under Okawaru
  4161 | Temple   | Reached ** piety under Okawaru
  4458 | D:4      | Noticed Eustachio
  4507 | D:4      | Killed Eustachio
  4508 | D:4      | Reached XP level 7. HP: 12/70 MP: 7/9
  5616 | D:4      | Noticed Dowan
  5617 | D:4      | Noticed Duvessa
  5634 | D:4      | Slain by Duvessa

Illustrated notes

Levels and vault maps discovered:
D:1:      lightli_molten_gateway, layout_loops_corners
D:2:      layout_basic, lemuel_round_altar, grunt_ministairs_11
D:3:      layout_loops_cross, grunt_temple_overflow_cloverleaf,
          minmay_quadrilaterals, uniq_natasha
D:4:      layout_basic, minmay_temple_entry_nine_rooms, uniq_duvessa,
          uniq_menkaure, uniq_eustachio
Temple:   regret_index_temple_sphere_string

Skill      XL: |  1  2  3  4  5  6 |
---------------+-------------------+-----
Throwing       | 1 2 3 |  3.4
Invocations    | 1 2 3 |  3.4
Armour         | 1 2 |  2.6
Evocations     | 1 2 |  2.7
Maces & Flails | 3 |  3.5
Fighting       | |  4.0
Dodging        | |  2.6
Stealth        | |  1.4

Action                   |  1- 3 |  4- 6 |  7- 9 || total
-------------------------+-------+-------+-------++-------
Melee: Mace              |    59 |   139 |    49 ||   247
Throw: Stone             |     2 |     1 |       ||     3
Invok: Heroism           |       |     1 |     1 ||     2
Evoke: Wand              |       |     3 |       ||     3
  Use: Scroll            |     4 |     4 |       ||     8
       Potion            |       |     3 |       ||     3
 Stab: Sleeping          |     2 |     4 |       ||     6
Armor: Robe              |    10 |    56 |    10 ||    76
Dodge: Dodged            |    31 |    93 |    22 ||   146
